Mulligans vs Wolfes
(R1)
Created - March 27, 2021 at 21:16
Goals
|
Mulligans |
0 |
1 |
1 |
2 |
Wolfes |
1 |
1 |
3 |
5 |
|
Shots
|
Mulligans |
16 |
5 |
11 |
32 |
Wolfes |
10 |
6 |
11 |
27 |
|
1st period
1. Wolfes , Nolan Vesey 2 (Max Friberg 33, Kyle Rau 34) at 14:49 (PP)
Penalties :
Sebastian Aho (RIM) for Roughing (Minor) at 2:30, Lawson Crouse (RIM) for Hooking (Minor) at 10:43, Joonas Donskoi (Rep) for Slashing (Minor) at 13:57
2nd period
2. Wolfes , Max Friberg 46 (Damon Severson 45, Kyle Rau 35) at 0:28
3. Mulligans , Ilya Lyubushkin 1 (Darren Dietz 17, Valeri Nichushkin 16) at 18:50
Penalties :
Lawson Crouse (RIM) for Hooking (Minor) at 2:04, Nolan Vesey (RIM) for High sticking (Minor) at 5:28, Nolan Vesey (RIM) for High sticking (Minor) at 12:35
3rd period
4. Wolfes , Max Friberg 47 (Nolan Vesey 5) at 3:12
5. Wolfes , Jeffrey Foss 3 (Kyle Rau 36, Max Friberg 34) at 12:22 (SH)
6. Mulligans , Ben Hutton 6 (Joonas Donskoi 20, Brandon Carlo 17) at 12:58 (PP)
7. Wolfes , Max Friberg 48 (Damon Severson 46, Jamie Oleksiak 30) at 15:40
Penalties :
Thomas Spelling (RIM) for Interference (Minor) at 10:59, Lawson Crouse (RIM) for Interference (Minor) at 13:05, Martin Hanzal (RIM) for Roughing (Double Minor) at 19:09
Goalie Stats
Calvin Pickard (Rep), 22 saves from 27 shots - (0.815), L, 18-25-3, 60:00 minutes
Laurent Brossoit (RIM), 30 saves from 32 shots - (0.938), W, 30-15-3, 60:00 minutes
Players Stats for Mulligans
Player Name G A P +/- PIM S H SB GA TA FO MP PP MP PK MP
------------------------------------------------------------------------------------
Anton Lander 0 0 0 0 0 4 2 0 0 0 14/35 22:25 8:15 0:52
Ben Hutton 1 0 1 -2 0 3 2 1 2 2 0/0 28:21 9:45 0:35
Brandon Carlo 0 1 1 -2 0 1 4 2 0 1 0/0 28:39 9:45 0:35
Brett Seney 0 0 0 0 0 0 1 0 0 1 0/0 12:38 0:00 0:00
Christian Wolanin 0 0 0 -1 0 0 2 0 0 0 0/0 9:46 0:00 0:00
Conor Garland 0 0 0 -1 0 1 1 0 1 0 0/0 7:33 0:08 0:00
Cristiano Digiacinto 0 0 0 -1 0 0 0 0 0 0 0/0 7:12 0:00 0:00
Darren Dietz 0 1 1 0 0 2 0 1 0 0 0/0 21:53 4:58 0:17
Ilya Lyubushkin 1 0 1 0 0 1 2 0 0 0 0/0 21:38 4:58 0:17
Jonny Brodzinski 0 0 0 -1 0 0 0 0 0 0 1/1 7:12 0:00 0:00
Joonas Donskoi 0 1 1 -2 2 5 2 2 1 0 0/0 17:23 6:20 0:00
Logan Shaw 0 0 0 0 0 4 2 0 1 0 1/3 21:15 7:57 0:00
Maxime Macenauer 0 0 0 -2 0 1 3 0 1 0 7/14 18:16 6:20 0:52
Reid Boucher 0 0 0 -2 0 1 1 0 0 0 0/0 17:24 6:20 0:00
Robbie Russo 0 0 0 -1 0 2 1 2 0 1 0/0 9:43 0:00 0:00
Robby Fabbri 0 0 0 0 0 3 3 0 0 0 1/3 13:17 0:26 0:00
Sven Baertschi 0 0 0 0 0 3 1 1 2 0 0/0 21:15 7:57 0:00
Valeri Nichushkin 0 1 1 0 0 1 4 0 1 0 0/0 13:17 0:26 0:00
Players Stats for Wolfes
Player Name G A P +/- PIM S H SB GA TA FO MP PP MP PK MP
------------------------------------------------------------------------------------
Alexandre Grenier 0 0 0 0 0 2 2 1 1 1 2/3 22:25 0:42 8:31
Anton Karlsson 0 0 0 0 0 0 1 0 0 0 0/0 7:17 0:00 0:00
Anton Lindholm 0 0 0 1 0 0 1 1 0 2 0/0 20:49 0:00 6:57
Austin Wuthrich 0 0 0 0 0 0 0 0 0 0 0/0 2:45 0:00 0:00
Cameron Darcy 0 0 0 0 0 0 0 0 0 0 0/0 0:00 0:00 0:00
Damon Severson 0 2 2 2 0 2 1 0 0 1 0/0 28:07 0:52 7:46
Dylan Sadowy 0 0 0 0 0 0 0 0 0 0 0/0 0:00 0:00 0:00
Eric Robinson 0 0 0 0 0 1 1 0 0 1 0/0 11:13 0:00 0:57
Fredrik Olofsson 0 0 0 0 0 0 0 0 0 0 0/0 0:00 0:00 0:00
Jakub Zboril 0 0 0 0 0 0 1 0 0 0 0/0 11:57 0:00 0:32
Jamie Oleksiak 0 1 1 2 0 2 0 1 1 3 0/0 27:46 0:52 7:46
Jeffrey Foss 1 0 1 1 0 2 3 0 0 0 0/0 20:48 0:00 6:25
Kevin Stenlund 0 0 0 0 0 0 0 0 0 0 0/0 0:00 0:00 0:00
Kyle Pettit 0 0 0 0 0 0 0 0 0 0 0/0 0:00 0:00 0:00
Kyle Rau 0 3 3 3 0 6 0 0 0 1 7/11 18:36 0:10 4:36
Lawson Crouse 0 0 0 0 6 1 2 1 0 0 2/2 13:48 0:42 0:32
Martin Hanzal 0 0 0 0 4 1 2 0 0 0 18/31 21:24 0:42 7:55
Matthew Highmore 0 0 0 0 0 0 2 0 1 0 0/1 7:17 0:00 0:00
Max Friberg 3 2 5 3 0 6 3 1 2 0 3/3 18:36 0:10 4:36
Nolan Vesey 1 1 2 2 4 1 3 0 0 0 0/0 13:57 0:10 0:00
Sebastian Aho 0 0 0 0 2 3 1 0 0 0 0/4 11:21 0:00 0:26
Thomas Spelling 0 0 0 0 2 0 0 0 0 0 0/0 10:15 0:00 0:00
Vaclav Karabacek 0 0 0 0 0 0 0 0 0 0 0/1 1:53 0:00 1:53
Victor Olofsson 0 0 0 0 0 0 1 0 0 0 0/0 14:55 0:00 0:00
Zachary Senyshyn 0 0 0 0 0 0 0 0 0 0 0/0 0:00 0:00 0:00
3 Stars
1 - Max Friberg (RIM)
2 - Kyle Rau (RIM)
3 - Jeffrey Foss (RIM)
Power Play
Mulligans - 1 on 9 Attempt(s) - 11.11%
Wolfes - 1 on 1 Attempt(s) - 100.00%
Penalty Kill
Mulligans - 0 on 1 Attempt(s) - 0.00%
- Score 0 goal in Penalty Kill
Wolfes - 8 on 9 Attempt(s) - 88.89%
- Score 1 goal in Penalty Kill
Team Stat
Mulligans - Hits : 31 - Faceoff Wins : 24 - Blocked Shots : 9 - Penalty Minutes : 2
Wolfes - Hits : 24 - Faceoff Wins : 32 - Blocked Shots : 5 - Penalty Minutes : 18
Official
Referees : Unknown
Linesman : Unknown
Game Notes
Max Friberg has scored a Hat Trick!
Finance
Level 1 -- Attendance: 1410 (70.50%) -- Ticket Income $56,400
Level 2 -- Attendance: 630 (63.00%) -- Ticket Income $12,600
Total Attendance: 2040 (68.00%)
Total Ticket Income: $69,000
Other Income: $3,450
Total Income: $72,450
Mulligans
5 vs 5 Forward
Center Left Wing Right Wing Time % Phy DF OF
1 Anton Lander Sven Baertschi Logan Shaw 40 1 2 2
2 Maxime Macenauer Reid Boucher Joonas Donskoi 30 1 2 2
3 Robby Fabbri Brett Seney Valeri Nichushkin 20 1 2 2
4 Jonny Brodzinski Cristiano Digiacinto Conor Garland 10 1 2 2
5 vs 5 Defense
Defense Defense Time % Phy DF OF
1 Ben Hutton Brandon Carlo 40 1 2 2
2 Darren Dietz Ilya Lyubushkin 30 1 2 2
3 Robbie Russo Christian Wolanin 20 1 2 2
4 Ben Hutton Brandon Carlo 10 1 2 2
PowerPlay Forward
Center Left Wing Right Wing Time % Phy DF OF
1 Anton Lander Sven Baertschi Logan Shaw 60 1 2 2
2 Maxime Macenauer Reid Boucher Joonas Donskoi 40 1 2 2
PowerPlay Defense
Defense Defense Time % Phy DF OF
1 Ben Hutton Brandon Carlo 60 1 2 2
2 Darren Dietz Ilya Lyubushkin 40 1 2 2
Penalty Kill 4 Players Forward
Center Wing Time % Phy DF OF
1 Anton Lander Maxime Macenauer 60 1 2 2
2 Logan Shaw Sven Baertschi 40 1 2 2
Penalty Kill 4 Players Defense
Defense Defense Time % Phy DF OF
1 Ben Hutton Brandon Carlo 60 1 2 2
2 Darren Dietz Ilya Lyubushkin 40 1 2 2
Penalty Kill - 3 Players Forward
Forward Time % Phy DF OF
1 Anton Lander 60 1 2 2
2 Maxime Macenauer 40 1 2 2
Penalty Kill - 3 Players Defense
Defense Defense Time % Phy DF OF
1 Ben Hutton Brandon Carlo 60 1 2 2
2 Darren Dietz Ilya Lyubushkin 40 1 2 2
4 vs 4 Forward
Center Wing Time % Phy DF OF
1 Anton Lander Maxime Macenauer 60 1 2 2
2 Logan Shaw Sven Baertschi 40 1 2 2
4 vs 4 Defense
Defense Defense Time % Phy DF OF
1 Ben Hutton Brandon Carlo 60 1 2 2
2 Darren Dietz Ilya Lyubushkin 40 1 2 2
Last Minutes Offensive
Center Left Wing Right Wing Defense Defense
Anton Lander Sven Baertschi Logan Shaw Ben Hutton Brandon Carlo
Last Minutes Defensive
Center Left Wing Right Wing Defense Defense
Anton Lander Sven Baertschi Logan Shaw Ben Hutton Brandon Carlo
Goaltenders
Starting : Calvin Pickard
Backup : Juuse Saros
Extra Forwards
Normal : Valeri Nichushkin, Robby Fabbri, Jonny Brodzinski - PP : Valeri Nichushkin, Robby Fabbri - PK : Jonny Brodzinski
Extra Defensemen
Normal : Robbie Russo, Christian Wolanin, Darren Dietz - PP : Robbie Russo - PK : Christian Wolanin, Darren Dietz
Penalty Shots
Anton Lander, Maxime Macenauer, Logan Shaw, Sven Baertschi, Joonas Donskoi
Scratches
Dalton Thrower (Healthy), Alexander Dergachyov (Healthy), Sam Bennett (Healthy)
Wolfes
5 vs 5 Forward
Center Left Wing Right Wing Time % Phy DF OF
1 Martin Hanzal Lawson Crouse Alexandre Grenier 40 1 2 2
2 Kyle Rau Nolan Vesey Max Friberg 30 1 2 2
3 Sebastian Aho Eric Robinson Thomas Spelling 20 1 2 2
4 Matthew Highmore Anton Karlsson Victor Olofsson 10 1 2 2
5 vs 5 Defense
Defense Defense Time % Phy DF OF
1 Jamie Oleksiak Damon Severson 40 1 2 2
2 Jeffrey Foss Anton Lindholm 30 1 2 2
3 Jakub Zboril Victor Olofsson 20 1 2 2
4 Jamie Oleksiak Damon Severson 10 1 2 2
PowerPlay Forward
Center Left Wing Right Wing Time % Phy DF OF
1 Martin Hanzal Lawson Crouse Alexandre Grenier 60 1 2 2
2 Kyle Rau Nolan Vesey Max Friberg 40 1 2 2
PowerPlay Defense
Defense Defense Time % Phy DF OF
1 Jamie Oleksiak Damon Severson 60 1 2 2
2 Jeffrey Foss Anton Lindholm 40 1 2 2
Penalty Kill 4 Players Forward
Center Wing Time % Phy DF OF
1 Martin Hanzal Alexandre Grenier 60 1 2 2
2 Max Friberg Kyle Rau 40 1 2 2
Penalty Kill 4 Players Defense
Defense Defense Time % Phy DF OF
1 Jamie Oleksiak Damon Severson 60 1 2 2
2 Jeffrey Foss Anton Lindholm 40 1 2 2
Penalty Kill - 3 Players Forward
Forward Time % Phy DF OF
1 Martin Hanzal 60 1 2 2
2 Alexandre Grenier 40 1 2 2
Penalty Kill - 3 Players Defense
Defense Defense Time % Phy DF OF
1 Jamie Oleksiak Damon Severson 60 1 2 2
2 Jeffrey Foss Anton Lindholm 40 1 2 2
4 vs 4 Forward
Center Wing Time % Phy DF OF
1 Martin Hanzal Alexandre Grenier 60 1 2 2
2 Max Friberg Kyle Rau 40 1 2 2
4 vs 4 Defense
Defense Defense Time % Phy DF OF
1 Jamie Oleksiak Damon Severson 60 1 2 2
2 Jeffrey Foss Anton Lindholm 40 1 2 2
Last Minutes Offensive
Center Left Wing Right Wing Defense Defense
Martin Hanzal Lawson Crouse Alexandre Grenier Jamie Oleksiak Damon Severson
Last Minutes Defensive
Center Left Wing Right Wing Defense Defense
Martin Hanzal Lawson Crouse Alexandre Grenier Jamie Oleksiak Damon Severson
Goaltenders
Starting : Laurent Brossoit
Backup : Ebbe Siönäs
Extra Forwards
Normal : Austin Wuthrich, Cameron Darcy, Vaclav Karabacek - PP : Austin Wuthrich, Cameron Darcy - PK : Vaclav Karabacek
Extra Defensemen
Normal : Jakub Zboril, Jeffrey Foss, Anton Lindholm - PP : Jakub Zboril - PK : Jeffrey Foss, Anton Lindholm
Penalty Shots
Martin Hanzal, Alexandre Grenier, Max Friberg, Kyle Rau, Sebastian Aho
Scratches
Joe Morrow (Strained Groin Injury), Blake Pietila (Left Knee Injury), Louis Belpedio (Healthy), Michael Stone (Torn Left Knee Ligaments Injury)
% Time on Ice - Mulligans
Lines # - Real PCT - Wanted PCT - Time Play
Normal Forward
1 - 30% - 40% - 13:18
2 - 25% - 30% - 11:17
3 - 28% - 20% - 12:38
4 - 16% - 10% - 7:12
Normal Defense
1 - 40% - 40% - 17:42
2 - 36% - 30% - 16:08
3 - 22% - 20% - 9:43
4 - 2% - 10% - 0:52
PP Forward
1 - 56% - 60% - 8:15
2 - 44% - 40% - 6:28
PP Defense
1 - 66% - 60% - 9:45
2 - 34% - 40% - 4:58
PK Forward
1 - 100% - 60% - 0:52
2 - 0% - 40% - 0:00
PK Defense
1 - 67% - 60% - 0:35
2 - 33% - 40% - 0:17
PK3 Forward
1 - 0% - 60%
2 - 0% - 40%
PK3 Defense
1 - 0% - 60%
2 - 0% - 40%
44 Forward
1 - 0% - 60%
2 - 0% - 40%
44 Defense
1 - 0% - 60%
2 - 0% - 40%
Last Minute Offensive - 0:00
Last Minute Defensive - 0:00
Total
Forward - 60:00
Defense - 60:00
|
% Time on Ice - Wolfes
Lines # - Real PCT - Wanted PCT - Time Play
Normal Forward
1 - 29% - 40% - 13:02
2 - 31% - 30% - 13:50
3 - 23% - 20% - 10:16
4 - 16% - 10% - 7:17
Normal Defense
1 - 42% - 40% - 18:34
2 - 32% - 30% - 14:23
3 - 24% - 20% - 10:44
4 - 2% - 10% - 0:44
PP Forward
1 - 81% - 60% - 0:42
2 - 19% - 40% - 0:10
PP Defense
1 - 100% - 60% - 0:52
2 - 0% - 40% - 0:00
PK Forward
1 - 69% - 60% - 10:07
2 - 31% - 40% - 4:36
PK Defense
1 - 56% - 60% - 8:18
2 - 44% - 40% - 6:25
PK3 Forward
1 - 0% - 60%
2 - 0% - 40%
PK3 Defense
1 - 0% - 60%
2 - 0% - 40%
44 Forward
1 - 0% - 60%
2 - 0% - 40%
44 Defense
1 - 0% - 60%
2 - 0% - 40%
Last Minute Offensive - 0:00
Last Minute Defensive - 0:00
Total
Forward - 60:00
Defense - 60:00
|
Play-by-Play
1st period
0:01 of 1st period - Martin Hanzal wins face-off versus Anton Lander in neutral zone.
0:06 of 1st period - Snap shot by Martin Hanzal.
0:06 of 1st period - Shot Hit the Post.
0:08 of 1st period - Slapshot by Jamie Oleksiak.
0:08 of 1st period - Deflect By Anton Lander.
0:08 of 1st period - Stopped by Calvin Pickard without a rebound.
0:09 of 1st period - Martin Hanzal wins face-off versus Anton Lander in Mulligans zone.
0:44 of 1st period - Snap shot by Anton Lander.
0:44 of 1st period - Deflect By Logan Shaw.
0:44 of 1st period - Shot Blocked by Alexandre Grenier.
0:44 of 1st period - Puck is out of play.
0:45 of 1st period - Maxime Macenauer wins face-off versus Kyle Rau in Wolfes zone.
1:15 of 1st period - Slapshot by Victor Olofsson.
1:15 of 1st period - Shot Blocked by Darren Dietz.
1:35 of 1st period - Robbie Russo is hit by Martin Hanzal.
2:22 of 1st period - Snap shot by Joonas Donskoi.
2:22 of 1st period - Shot Misses the Net.
2:30 of 1st period - Minor Penalty to Sebastian Aho for Roughing.
2:31 of 1st period - Martin Hanzal wins face-off versus Anton Lander in Wolfes zone.
2:42 of 1st period - Wrist shot by Anton Lander.
2:42 of 1st period - Shot Blocked by Anton Lindholm.
2:44 of 1st period - Wrist shot by Logan Shaw.
2:44 of 1st period - Stopped by Laurent Brossoit with a rebound.
3:02 of 1st period - Off-side.
3:03 of 1st period - Max Friberg wins face-off versus Anton Lander in neutral zone.
3:12 of 1st period - Off-side.
3:13 of 1st period - Alexandre Grenier wins face-off versus Anton Lander in neutral zone.
3:34 of 1st period - Snap shot by Anton Lander.
3:34 of 1st period - Deflect By Logan Shaw.
3:34 of 1st period - Stopped by Laurent Brossoit without a rebound.
3:35 of 1st period - Martin Hanzal wins face-off versus Maxime Macenauer in Wolfes zone.
4:30 of 1st period - Penalty to Sebastian Aho is over, Sebastian Aho is back on ice.
4:50 of 1st period - Alexandre Grenier is hit by Conor Garland and loses puck.
5:07 of 1st period - Slapshot by Victor Olofsson.
5:07 of 1st period - Shot Blocked by Robbie Russo.
5:09 of 1st period - Backhand shot by Anton Lindholm.
5:09 of 1st period - Shot Blocked by Robbie Russo.
5:11 of 1st period - Slapshot by Jeffrey Foss.
5:11 of 1st period - Stopped by Calvin Pickard without a rebound.
5:12 of 1st period - Anton Lander wins face-off versus Kyle Rau in Mulligans zone.
5:55 of 1st period - Snap shot by Sven Baertschi.
5:55 of 1st period - Stopped by Laurent Brossoit without a rebound.
5:56 of 1st period - Maxime Macenauer wins face-off versus Sebastian Aho in Wolfes zone.
5:59 of 1st period - Snap shot by Joonas Donskoi.
5:59 of 1st period - Stopped by Laurent Brossoit without a rebound.
6:00 of 1st period - Maxime Macenauer wins face-off versus Sebastian Aho in Wolfes zone.
6:01 of 1st period - Snap shot by Joonas Donskoi.
6:01 of 1st period - Deflect By Maxime Macenauer.
6:01 of 1st period - Shot Misses the Net.
6:01 of 1st period - Puck is out of play.
6:02 of 1st period - Maxime Macenauer wins face-off versus Sebastian Aho in Wolfes zone.
6:05 of 1st period - Wrist shot by Maxime Macenauer.
6:05 of 1st period - Stopped by Laurent Brossoit with a rebound.
6:07 of 1st period - Wrist shot by Maxime Macenauer.
6:07 of 1st period - Shot Misses the Net.
6:29 of 1st period - Wrist shot by Damon Severson.
6:29 of 1st period - Stopped by Calvin Pickard without a rebound.
6:30 of 1st period - Logan Shaw wins face-off versus Martin Hanzal in Mulligans zone.
6:41 of 1st period - Wrist shot by Sven Baertschi.
6:41 of 1st period - Stopped by Laurent Brossoit with a rebound.
6:47 of 1st period - Snap shot by Logan Shaw.
6:47 of 1st period - Stopped by Laurent Brossoit with a rebound.
6:49 of 1st period - Slapshot by Brandon Carlo.
6:49 of 1st period - Deflect By Alexandre Grenier.
6:49 of 1st period - Stopped by Laurent Brossoit with a rebound.
7:09 of 1st period - Snap shot by Anton Lander.
7:09 of 1st period - Shot Misses the Net.
7:11 of 1st period - Slapshot by Logan Shaw.
7:11 of 1st period - Stopped by Laurent Brossoit with a rebound.
7:13 of 1st period - Slapshot by Robbie Russo.
7:13 of 1st period - Deflect By Martin Hanzal.
7:13 of 1st period - Stopped by Laurent Brossoit with a rebound.
7:15 of 1st period - Slapshot by Robbie Russo.
7:15 of 1st period - Stopped by Laurent Brossoit with a rebound.
7:27 of 1st period - Wrist shot by Sven Baertschi.
7:27 of 1st period - Shot Misses the Net.
7:29 of 1st period - Snap shot by Anton Lander.
7:29 of 1st period - Stopped by Laurent Brossoit without a rebound.
7:30 of 1st period - Kyle Rau wins face-off versus Maxime Macenauer in Wolfes zone.
7:55 of 1st period - Damon Severson is hit by Robby Fabbri.
8:41 of 1st period - Slapshot by Kyle Rau.
8:41 of 1st period - Stopped by Calvin Pickard with a rebound.
9:07 of 1st period - Slapshot by Kyle Rau.
9:07 of 1st period - Stopped by Calvin Pickard with a rebound.
9:23 of 1st period - Snap shot by Martin Hanzal.
9:23 of 1st period - Stopped by Calvin Pickard without a rebound.
9:24 of 1st period - Maxime Macenauer wins face-off versus Martin Hanzal in Mulligans zone.
9:51 of 1st period - Kyle Rau is hit by Ilya Lyubushkin and loses puck.
10:17 of 1st period - Ilya Lyubushkin is hit by Jakub Zboril and loses puck.
10:41 of 1st period - Snap shot by Jonny Brodzinski.
10:41 of 1st period - Shot Blocked by Lawson Crouse.
10:43 of 1st period - Minor Penalty to Lawson Crouse for Hooking.
10:44 of 1st period - Alexandre Grenier wins face-off versus Anton Lander in Wolfes zone.
11:17 of 1st period - Slapshot by Anton Lander.
11:17 of 1st period - Shot Misses the Net.
11:47 of 1st period - Sven Baertschi is hit by Jeffrey Foss and loses puck.
12:09 of 1st period - Wrist shot by Reid Boucher.
12:09 of 1st period - Stopped by Laurent Brossoit with a rebound.
12:43 of 1st period - Penalty to Lawson Crouse is over, Lawson Crouse is back on ice.
12:49 of 1st period - Brandon Carlo is hit by Lawson Crouse and loses puck.
13:28 of 1st period - Brett Seney is hit by Nolan Vesey.
13:42 of 1st period - Ben Hutton is hit by Eric Robinson and loses puck.
13:47 of 1st period - Snap shot by Sebastian Aho.
13:47 of 1st period - Shot Misses the Net.
13:49 of 1st period - Snap shot by Jakub Zboril.
13:49 of 1st period - Shot Blocked by Brandon Carlo.
13:57 of 1st period - Minor Penalty to Joonas Donskoi for Slashing.
13:58 of 1st period - Martin Hanzal wins face-off versus Anton Lander in Mulligans zone.
14:14 of 1st period - Icing by Alexandre Grenier.
14:15 of 1st period - Anton Lander wins face-off versus Martin Hanzal in Wolfes zone.
14:21 of 1st period - Icing by Jamie Oleksiak.
14:22 of 1st period - Anton Lander wins face-off versus Martin Hanzal in Wolfes zone.
14:47 of 1st period - Wrist shot by Max Friberg.
14:47 of 1st period - Shot Misses the Net.
14:49 of 1st period - Wrist shot by Nolan Vesey.
14:49 of 1st period - Goal by Nolan Vesey - Mulligans : 0 - Wolfes : 1.
14:50 of 1st period - Martin Hanzal wins face-off versus Anton Lander in neutral zone.
15:05 of 1st period - Martin Hanzal is hit by Brandon Carlo and loses puck.
15:19 of 1st period - Jamie Oleksiak is hit by Brandon Carlo and loses puck.
15:39 of 1st period - Snap shot by Sebastian Aho.
15:39 of 1st period - Shot Misses the Net.
15:41 of 1st period - Wrist shot by Sebastian Aho.
15:41 of 1st period - Stopped by Calvin Pickard with a rebound.
15:43 of 1st period - Slapshot by Damon Severson.
15:43 of 1st period - Deflect By Eric Robinson.
15:43 of 1st period - Stopped by Calvin Pickard without a rebound.
15:44 of 1st period - Kyle Rau wins face-off versus Anton Lander in Mulligans zone.
15:47 of 1st period - Wrist shot by Kyle Rau.
15:47 of 1st period - Stopped by Calvin Pickard with a rebound.
16:57 of 1st period - Darren Dietz is hit by Max Friberg and loses puck.
17:18 of 1st period - Slapshot by Robby Fabbri.
17:18 of 1st period - Shot Misses the Net.
17:42 of 1st period - Wrist shot by Robby Fabbri.
17:42 of 1st period - Stopped by Laurent Brossoit without a rebound.
17:43 of 1st period - Anton Lander wins face-off versus Martin Hanzal in Wolfes zone.
17:44 of 1st period - Wrist shot by Sven Baertschi.
17:44 of 1st period - Stopped by Laurent Brossoit without a rebound.
17:45 of 1st period - Anton Lander wins face-off versus Martin Hanzal in Wolfes zone.
18:31 of 1st period - Icing by Ben Hutton.
18:32 of 1st period - Jonny Brodzinski wins face-off versus Matthew Highmore in Mulligans zone.
18:32 of 1st period - Jonny Brodzinski is hit by Matthew Highmore.
18:38 of 1st period - Anton Karlsson is hit by Brandon Carlo and loses puck.
19:24 of 1st period - Snap shot by Thomas Spelling.
19:24 of 1st period - Shot Misses the Net.
19:36 of 1st period - Slapshot by Christian Wolanin.
19:36 of 1st period - Deflect By Conor Garland.
19:36 of 1st period - Stopped by Laurent Brossoit with a rebound.
19:48 of 1st period - Anton Karlsson is hit by Logan Shaw and loses puck.
Goals for this period are 0 for Mulligans vs 1 for Wolfes.
Shots for this period are 16 for Mulligans vs 10 for Wolfes.
2nd period
0:01 of 2nd period - Martin Hanzal wins face-off versus Anton Lander in neutral zone.
0:12 of 2nd period - Slapshot by Alexandre Grenier.
0:12 of 2nd period - Shot Misses the Net.
0:14 of 2nd period - Slapshot by Damon Severson.
0:14 of 2nd period - Deflect By Lawson Crouse.
0:14 of 2nd period - Stopped by Calvin Pickard without a rebound.
0:15 of 2nd period - Kyle Rau wins face-off versus Maxime Macenauer in Mulligans zone.
0:16 of 2nd period - Slapshot by Max Friberg.
0:16 of 2nd period - Shot Blocked by Brandon Carlo.
0:18 of 2nd period - Slapshot by Jamie Oleksiak.
0:18 of 2nd period - Shot Blocked by Joonas Donskoi.
0:22 of 2nd period - Slapshot by Kyle Rau.
0:22 of 2nd period - Shot Blocked by Ben Hutton.
0:24 of 2nd period - Wrist shot by Damon Severson.
0:24 of 2nd period - Shot Blocked by Joonas Donskoi.
0:26 of 2nd period - Slapshot by Damon Severson.
0:26 of 2nd period - Shot Misses the Net.
0:28 of 2nd period - Slapshot by Max Friberg.
0:28 of 2nd period - Goal by Max Friberg - Mulligans : 0 - Wolfes : 2.
0:29 of 2nd period - Lawson Crouse wins face-off versus Anton Lander in neutral zone.
0:55 of 2nd period - Kyle Rau is hit by Ben Hutton and loses puck.
1:46 of 2nd period - Slapshot by Victor Olofsson.
1:46 of 2nd period - Shot Misses the Net.
2:04 of 2nd period - Minor Penalty to Lawson Crouse for Hooking.
2:05 of 2nd period - Martin Hanzal wins face-off versus Anton Lander in Wolfes zone.
4:04 of 2nd period - Penalty to Lawson Crouse is over, Lawson Crouse is back on ice.
4:21 of 2nd period - Wrist shot by Sebastian Aho.
4:21 of 2nd period - Stopped by Calvin Pickard with a rebound.
4:23 of 2nd period - Wrist shot by Sebastian Aho.
4:23 of 2nd period - Stopped by Calvin Pickard without a rebound.
4:24 of 2nd period - Robby Fabbri wins face-off versus Sebastian Aho in Mulligans zone.
4:36 of 2nd period - Snap shot by Robby Fabbri.
4:36 of 2nd period - Stopped by Laurent Brossoit with a rebound.
5:01 of 2nd period - Wrist shot by Max Friberg.
5:01 of 2nd period - Stopped by Calvin Pickard without a rebound.
5:02 of 2nd period - Anton Lander wins face-off versus Martin Hanzal in Mulligans zone.
5:28 of 2nd period - Minor Penalty to Nolan Vesey for High sticking.
5:29 of 2nd period - Anton Lander wins face-off versus Martin Hanzal in Wolfes zone.
6:51 of 2nd period - Sven Baertschi is hit by Jeffrey Foss and loses puck.
6:58 of 2nd period - Anton Lindholm is hit by Logan Shaw and loses puck.
7:28 of 2nd period - Penalty to Nolan Vesey is over, Nolan Vesey is back on ice.
8:01 of 2nd period - Damon Severson is hit by Robby Fabbri and loses puck.
9:10 of 2nd period - Alexandre Grenier is hit by Christian Wolanin and loses puck.
9:44 of 2nd period - Jakub Zboril is hit by Valeri Nichushkin and loses puck.
10:04 of 2nd period - Joonas Donskoi is hit by Nolan Vesey and loses puck.
10:11 of 2nd period - Anton Lindholm is hit by Joonas Donskoi.
10:49 of 2nd period - Robbie Russo is hit by Alexandre Grenier and loses puck.
11:12 of 2nd period - Jakub Zboril is hit by Valeri Nichushkin and loses puck.
11:30 of 2nd period - Lawson Crouse is hit by Reid Boucher and loses puck.
11:45 of 2nd period - Jamie Oleksiak is hit by Christian Wolanin and loses puck.
11:50 of 2nd period - Wrist shot by Jonny Brodzinski.
11:50 of 2nd period - Shot Blocked by Jamie Oleksiak.
12:35 of 2nd period - Minor Penalty to Nolan Vesey for High sticking.
12:36 of 2nd period - Martin Hanzal wins face-off versus Anton Lander in Wolfes zone.
14:35 of 2nd period - Penalty to Nolan Vesey is over, Nolan Vesey is back on ice.
15:00 of 2nd period - Jonny Brodzinski is hit by Victor Olofsson and loses puck.
15:36 of 2nd period - Robby Fabbri is hit by Alexandre Grenier.
15:45 of 2nd period - Brett Seney is hit by Damon Severson and loses puck.
15:56 of 2nd period - Jamie Oleksiak is hit by Robbie Russo and loses puck.
16:13 of 2nd period - Damon Severson is hit by Sven Baertschi and loses puck.
16:54 of 2nd period - Sven Baertschi is hit by Anton Lindholm and loses puck.
17:07 of 2nd period - Joonas Donskoi is hit by Martin Hanzal and loses puck.
18:00 of 2nd period - Matthew Highmore is hit by Maxime Macenauer and loses puck.
18:13 of 2nd period - Slapshot by Kyle Rau.
18:13 of 2nd period - Stopped by Calvin Pickard without a rebound.
18:14 of 2nd period - Kyle Rau wins face-off versus Robby Fabbri in Mulligans zone.
18:29 of 2nd period - Jakub Zboril is hit by Ben Hutton and loses puck.
18:44 of 2nd period - Snap shot by Darren Dietz.
18:44 of 2nd period - Stopped by Laurent Brossoit with a rebound.
18:46 of 2nd period - Wrist shot by Valeri Nichushkin.
18:46 of 2nd period - Stopped by Laurent Brossoit with a rebound.
18:48 of 2nd period - Slapshot by Darren Dietz.
18:48 of 2nd period - Stopped by Laurent Brossoit with a rebound.
18:50 of 2nd period - Slapshot by Ilya Lyubushkin.
18:50 of 2nd period - Goal by Ilya Lyubushkin - Mulligans : 1 - Wolfes : 2.
18:51 of 2nd period - Lawson Crouse wins face-off versus Anton Lander in neutral zone.
19:39 of 2nd period - Ben Hutton is hit by Matthew Highmore and loses puck.
Goals for this period are 1 for Mulligans vs 1 for Wolfes.
Shots for this period are 5 for Mulligans vs 6 for Wolfes.
3rd period
0:01 of 3rd period - Martin Hanzal wins face-off versus Anton Lander in neutral zone.
0:16 of 3rd period - Slapshot by Anton Lander.
0:16 of 3rd period - Stopped by Laurent Brossoit with a rebound.
0:26 of 3rd period - Maxime Macenauer is hit by Max Friberg and loses puck.
1:03 of 3rd period - Icing by Robby Fabbri.
1:04 of 3rd period - Martin Hanzal wins face-off versus Robby Fabbri in Mulligans zone.
1:05 of 3rd period - Snap shot by Alexandre Grenier.
1:05 of 3rd period - Stopped by Calvin Pickard without a rebound.
1:06 of 3rd period - Anton Lander wins face-off versus Martin Hanzal in Mulligans zone.
1:48 of 3rd period - Joonas Donskoi is hit by Max Friberg and loses puck.
1:59 of 3rd period - Brandon Carlo is hit by Sebastian Aho and loses puck.
2:26 of 3rd period - Snap shot by Anton Lander.
2:26 of 3rd period - Shot Misses the Net.
2:28 of 3rd period - Slapshot by Ben Hutton.
2:28 of 3rd period - Stopped by Laurent Brossoit without a rebound.
2:29 of 3rd period - Kyle Rau wins face-off versus Maxime Macenauer in Wolfes zone.
3:12 of 3rd period - Slapshot by Max Friberg.
3:12 of 3rd period - Goal by Max Friberg - Mulligans : 1 - Wolfes : 3.
3:13 of 3rd period - Anton Lander wins face-off versus Martin Hanzal in neutral zone.
4:05 of 3rd period - Anton Lindholm is hit by Brandon Carlo and loses puck.
4:46 of 3rd period - Maxime Macenauer is hit by Anton Karlsson and loses puck.
5:00 of 3rd period - Icing by Ilya Lyubushkin.
5:01 of 3rd period - Maxime Macenauer wins face-off versus Alexandre Grenier in Mulligans zone.
5:16 of 3rd period - Reid Boucher is hit by Lawson Crouse and loses puck.
5:36 of 3rd period - Brandon Carlo is hit by Jeffrey Foss.
5:46 of 3rd period - Snap shot by Maxime Macenauer.
5:46 of 3rd period - Deflect By Joonas Donskoi.
5:46 of 3rd period - Shot Misses the Net.
5:46 of 3rd period - Puck is out of play.
5:47 of 3rd period - Kyle Rau wins face-off versus Anton Lander in Wolfes zone.
7:20 of 3rd period - Ilya Lyubushkin is hit by Nolan Vesey and loses puck.
7:41 of 3rd period - Martin Hanzal is hit by Maxime Macenauer and loses puck.
8:24 of 3rd period - Anton Lindholm is hit by Robby Fabbri and loses puck.
8:33 of 3rd period - Alexandre Grenier is hit by Valeri Nichushkin and loses puck.
9:54 of 3rd period - Damon Severson is hit by Valeri Nichushkin and loses puck.
10:09 of 3rd period - Slapshot by Joonas Donskoi.
10:09 of 3rd period - Shot Blocked by Max Friberg.
10:11 of 3rd period - Slapshot by Ilya Lyubushkin.
10:11 of 3rd period - Deflect By Joonas Donskoi.
10:11 of 3rd period - Stopped by Laurent Brossoit without a rebound.
10:12 of 3rd period - Kyle Rau wins face-off versus Logan Shaw in Wolfes zone.
10:12 of 3rd period - Kyle Rau is hit by Anton Lander.
10:22 of 3rd period - Snap shot by Kyle Rau.
10:22 of 3rd period - Stopped by Calvin Pickard with a rebound.
10:37 of 3rd period - Lawson Crouse is hit by Maxime Macenauer and loses puck.
10:59 of 3rd period - Minor Penalty to Thomas Spelling for Interference.
11:00 of 3rd period - Anton Lander wins face-off versus Martin Hanzal in Wolfes zone.
11:08 of 3rd period - Snap shot by Anton Lander.
11:08 of 3rd period - Stopped by Laurent Brossoit with a rebound.
11:57 of 3rd period - Icing by Sven Baertschi.
11:58 of 3rd period - Anton Lander wins face-off versus Martin Hanzal in Mulligans zone.
12:11 of 3rd period - Wrist shot by Joonas Donskoi.
12:11 of 3rd period - Stopped by Laurent Brossoit with a rebound.
12:13 of 3rd period - Snap shot by Ben Hutton.
12:13 of 3rd period - Stopped by Laurent Brossoit without a rebound.
12:14 of 3rd period - Max Friberg wins face-off versus Maxime Macenauer in Wolfes zone.
12:14 of 3rd period - Max Friberg is hit by Joonas Donskoi.
12:22 of 3rd period - Slapshot by Jeffrey Foss.
12:22 of 3rd period - Goal by Jeffrey Foss - Mulligans : 1 - Wolfes : 4.
12:23 of 3rd period - Martin Hanzal wins face-off versus Anton Lander in neutral zone.
12:54 of 3rd period - Slapshot by Brandon Carlo.
12:54 of 3rd period - Shot Misses the Net.
12:56 of 3rd period - Snap shot by Joonas Donskoi.
12:56 of 3rd period - Shot Misses the Net.
12:58 of 3rd period - Slapshot by Ben Hutton.
12:58 of 3rd period - Goal by Ben Hutton - Mulligans : 2 - Wolfes : 4.
12:59 of 3rd period - Martin Hanzal wins face-off versus Anton Lander in neutral zone.
13:05 of 3rd period - Minor Penalty to Lawson Crouse for Interference.
13:06 of 3rd period - Martin Hanzal wins face-off versus Anton Lander in Wolfes zone.
13:42 of 3rd period - Snap shot by Max Friberg.
13:42 of 3rd period - Deflect By Kyle Rau.
13:42 of 3rd period - Stopped by Calvin Pickard with a rebound.
14:39 of 3rd period - Icing by Ben Hutton.
14:40 of 3rd period - Max Friberg wins face-off versus Maxime Macenauer in Mulligans zone.
14:51 of 3rd period - Damon Severson is hit by Anton Lander and loses puck.
15:05 of 3rd period - Penalty to Lawson Crouse is over, Lawson Crouse is back on ice.
15:36 of 3rd period - Snap shot by Max Friberg.
15:36 of 3rd period - Stopped by Calvin Pickard with a rebound.
15:38 of 3rd period - Slapshot by Damon Severson.
15:38 of 3rd period - Stopped by Calvin Pickard with a rebound.
15:40 of 3rd period - Snap shot by Max Friberg.
15:40 of 3rd period - Goal by Max Friberg - Mulligans : 2 - Wolfes : 5.
15:41 of 3rd period - Martin Hanzal wins face-off versus Anton Lander in neutral zone.
15:48 of 3rd period - Slapshot by Alexandre Grenier.
15:48 of 3rd period - Stopped by Calvin Pickard without a rebound.
15:49 of 3rd period - Martin Hanzal wins face-off versus Anton Lander in Mulligans zone.
16:02 of 3rd period - Snap shot by Alexandre Grenier.
16:02 of 3rd period - Shot Blocked by Sven Baertschi.
16:04 of 3rd period - Snap shot by Alexandre Grenier.
16:04 of 3rd period - Shot Misses the Net.
16:16 of 3rd period - Slapshot by Joonas Donskoi.
16:16 of 3rd period - Stopped by Laurent Brossoit without a rebound.
16:17 of 3rd period - Maxime Macenauer wins face-off versus Kyle Rau in Wolfes zone.
16:18 of 3rd period - Wrist shot by Joonas Donskoi.
16:18 of 3rd period - Deflect By Damon Severson.
16:18 of 3rd period - Stopped by Laurent Brossoit without a rebound.
16:19 of 3rd period - Martin Hanzal wins face-off versus Maxime Macenauer in Wolfes zone.
16:23 of 3rd period - Off-side.
16:24 of 3rd period - Martin Hanzal wins face-off versus Logan Shaw in neutral zone.
16:27 of 3rd period - Slapshot by Jamie Oleksiak.
16:27 of 3rd period - Stopped by Calvin Pickard with a rebound.
16:53 of 3rd period - Slapshot by Max Friberg.
16:53 of 3rd period - Stopped by Calvin Pickard without a rebound.
16:54 of 3rd period - Anton Lander wins face-off versus Kyle Rau in Mulligans zone.
17:49 of 3rd period - Jeffrey Foss is hit by Brett Seney and loses puck.
18:46 of 3rd period - Anton Karlsson is hit by Ilya Lyubushkin and loses puck.
19:01 of 3rd period - Backhand shot by Robby Fabbri.
19:01 of 3rd period - Stopped by Laurent Brossoit without a rebound.
19:02 of 3rd period - Anton Lander wins face-off versus Martin Hanzal in Wolfes zone.
19:09 of 3rd period - Double Minor Penalty to Martin Hanzal for Roughing.
19:10 of 3rd period - Anton Lander wins face-off versus Vaclav Karabacek in Wolfes zone.
19:23 of 3rd period - Wrist shot by Sven Baertschi.
19:23 of 3rd period - Shot Misses the Net.
19:25 of 3rd period - Snap shot by Anton Lander.
19:25 of 3rd period - Stopped by Laurent Brossoit with a rebound.
Goals for this period are 1 for Mulligans vs 3 for Wolfes.
Shots for this period are 11 for Mulligans vs 11 for Wolfes.